 Dungeon Crawl Stone Soup version 0.31-a0-4-gefa6de2278 (webtiles) character file.

Game seed: 8388713234354077908

83440 pokeman the Sorcerer (level 15, -6/84 HPs)
             Began as a Deep Elf Hedge Wizard on Apr 30, 2023.
             Was the Champion of Vehumet.
             Shot with an arrow by a centaur (7 damage)
             ... on level 2 of the Orcish Mines on May 3, 2023.
             The game lasted 01:20:37 (24085 turns).

pokeman the Sorcerer (Deep Elf Hedge Wizard)       Turns: 24085, Time: 01:20:39

Health: -6/84      AC:  9    Str: 10    XL:     15   Next: 32%
Magic:  8/52       EV: 17    Int: 27    God:    Vehumet [******]
Gold:   1947       SH:  0    Dex: 14    Spells: 25/58 levels left

rFire   . . .        r - +7 mace of Variability {chaos, chaos arc}
rCold   . . .        (shield currently unavailable)
rNeg    + . .        R - +2 leather armour {rPois}
rPois   +            Z - +2 helmet of Insecurity {rElec rN+ rCorr SInv}
rElec   +            B - +0 cloak
rCorr   +            w - +1 pair of gloves {Str+3}
SInv    +            f - +0 pair of boots
Will    +....        v - amulet of magic regeneration
Stlth   ++           S - ring of magical power
HPRegen 0.34/turn    E - +5 ring of evasion
MPRegen 0.73/turn

%: no passive effects
@: corroded, on blink cooldown
A: no striking features
a: Renounce Religion


You were on level 2 of the Orcish Mines.
You worshipped Vehumet.
Vehumet was exalted by your worship.
You visited 4 branches of the dungeon, and saw 23 of its levels.
You also visited: Ossuary.

You collected 2057 gold pieces.
You spent 110 gold pieces at shops.

Inventory:

Hand Weapons
 q - the +3 mace of the Lesser Evil {freeze, Fragile rC+ Will+++ Dex+2}
   (You found it on level 2 of the Dungeon)

   Dex:       It affects your dexterity (+2).
   rC:        It protects you from cold.
   Fragile:   It will be destroyed if unequipped.
   Will:      It greatly increases your willpower.
 r - the +7 mace of Variability (weapon) {chaos, chaos arc}
   (You found it on level 14 of the Dungeon)
Missiles
 V - 9 curare-tipped darts
Armour
 a - a +0 buckler of cold resistance
 f - a +0 pair of boots (worn)
 p - a +0 kite shield
 w - a +1 pair of gloves of strength (worn)
 B - a +0 cloak (worn)
 R - a +2 leather armour of poison resistance (worn)
 Z - the +2 helmet of Insecurity (worn) {rElec rN+ rCorr SInv}
   (You found it on level 9 of the Dungeon)

   rElec:     It insulates you from electricity.
   rN:        It protects you from negative energy.
   SInv:      It lets you see invisible.
   rCorr:     It protects you from acid and corrosion.
Magical Staves
 m - the staff of air "Mafel" {rElec rPois rF+}
   (You found it on level 12 of the Dungeon)

   [staff of air]

   Base accuracy: +5 Base damage: 5 Base attack delay: 1.2 This weapon's minimum
   attack delay (0.6) is reached at skill level 12.
   rF:        It protects you from fire.
   rElec:     It insulates you from electricity.
   rPois:     It protects you from poison.
   It falls into the 'Staves' category.
   It is a one-handed weapon.
 K - the staff of poison "Tagheu" {Fly rPois rN+ Will++}
   (You found it on level 7 of the Dungeon)

   [staff of poison]

   Base accuracy: +5 Base damage: 5 Base attack delay: 1.2 This weapon's minimum
   attack delay (0.6) is reached at skill level 12.
   rPois:     It protects you from poison.
   rN:        It protects you from negative energy.
   Fly:       It grants you flight.
   Will:      It greatly increases your willpower.
   It falls into the 'Staves' category.
   It is a one-handed weapon.
Jewellery
 g - an amulet of reflection
 o - a ring of protection from cold
 v - an amulet of magic regeneration (around neck)
 E - a +5 ring of evasion (right hand)
 S - a ring of magical power (left hand)
Wands
 c - a wand of roots (8)
 e - a wand of digging (8)
 i - a wand of light (7)
 Q - a wand of polymorph (21)
Scrolls
 j - 13 scrolls of teleportation
 n - 4 scrolls of magic mapping
 C - 4 scrolls of blinking
Potions
 d - 2 potions of magic
 h - 6 potions of haste
 k - 13 potions of curing
 s - a potion of resistance {unknown}
 D - 2 potions of mutation {unknown}
 H - 9 potions of heal wounds
 L - 3 potions of brilliance {unknown}
 N - 2 potions of cancellation {unknown}
 P - 7 potions of ambrosia {unknown}
 T - 3 potions of flight {unknown}
Miscellaneous
 b - a lightning rod (4/4)
 l - a condenser vane
 O - a box of beasts


   Skills:
 - Level 6.0 Fighting
 - Level 6.0 Armour
 - Level 3.1 Dodging
 - Level 3.2 Stealth
 + Level 5.7 Shields
 * Level 22.4 Spellcasting
 + Level 13.7 Conjurations
 - Level 1.4 Summonings
 - Level 1.1 Translocations
 + Level 13.2 Ice Magic
 - Level 1.4 Air Magic
 - Level 1.0 Poison Magic
 - Level 1.1 Evocations


You had 25 spell levels left.
You knew the following spells:

 Your Spells              Type           Power      Damage    Failure   Level
a - Magic Dart            Conj           100%       1d8       0%          1
b - Mephitic Cloud        Conj/Pois/Air  56%        N/A       1%          3
c - Call Imp              Summ           76%        N/A       1%          2
d - Blink                 Tloc           72%        N/A       1%          2
e - Freezing Cloud        Conj/Ice/Air   34%        6-21      1%          5
f - Iskenderun's Mystic   Conj/Tloc      63%        2d13      1%          4
g - Orb of Destruction    Conj           40%        9d11      1%          7
h - Polar Vortex          Ice            40%        N/A       82%         9

Your spell library contained the following spells:

 Spells                   Type           Power      Damage    Failure   Level
 Conjure Ball Lightning   Conj/Air       31%        3x3d10    3%          6
 Frozen Ramparts          Ice            100%       1d16      0%          3
 Hailstorm                Conj/Ice       80%        3d16      0%          3
 Apportation              Tloc           72%        N/A       1%          1
 Kiss of Death            Conj/Necr      100%       2d13      1%          1
 Necrotise                Necr           100%       1d9       1%          1
 Slow                     Hex            100%       N/A       1%          1
 Sting                    Tmut/Pois      100%       1d8       1%          1
 Cigotuvi's Dreadful Rot  Necr/Pois/Air  68%        N/A       1%          2
 Ensorcelled Hibernation  Hex/Ice        100%       N/A       1%          2
 Poisonous Vapours        Pois/Air       72%        N/A       1%          2
 Dazzling Flash           Conj/Hex       100%       N/A       1%          3
 Ignite Poison            Fire/Tmut/Pois 32%        N/A       1%          3
 Inner Flame              Hex/Fire       30%        N/A       1%          3
 Ozocubu's Armour         Ice            80%        N/A       1%          3
 Volatile Blastmotes      Fire/Tloc      66%        2d15      1%          3
 Flame Wave               Conj/Fire      61%        2d14      1%          4
 Fulminant Prism          Conj/Hex       30%        3d15      1%          4
 Ice Form                 Ice/Tmut       60%        N/A       1%          4
 Sticky Flame             Conj/Fire      61%        2d8       1%          4
 Ozocubu's Refrigeration  Ice            40%        4d16      1%          7
 Olgreb's Toxic Radiance  Pois           36%        N/A       2%          4
 Spider Form              Tmut/Pois      33%        N/A       3%          3
 Summon Guardian Golem    Hex/Summ       34%        N/A       3%          3
 Confusing Touch          Hex            30%        N/A       4%          3
 Vampiric Draining        Necr           30%        2d8       4%          3
 Summon Lightning Spire   Summ/Air       37%        N/A       9%          4
 Lee's Rapid Deconstruct  Erth           15%        3d10*     11%         5
 Anguish                  Hex/Necr       15%        N/A       16%         4
 Dispel Undead            Necr           30%        3d14      16%         4
 Leda's Liquefaction      Hex/Erth       15%        N/A       16%         4
 Spellforged Servitor     Conj/Summ      31%        N/A       16%         7
 Silence                  Hex/Air        17%        N/A       32%         5
 Alistair's Intoxication  Tmut/Pois      22%        N/A       34%         5
 Agony                    Necr           30%        N/A       38%         5
 Borgnjor's Vile Clutch   Necr/Erth      15%        N/A       38%         5
 Eringya's Noxious Bog    Tmut/Pois      16%        N/A       41%         6
 Statue Form              Tmut/Erth      20%        N/A       93%         6
 Storm Form               Tmut/Air       17%        N/A       100%        7
 Summon Hydra             Summ           19%        N/A       100%        7
 Maxwell's Capacitive Co  Air            18%        ∞         100%        8


Dungeon Overview and Level Annotations

Branches:
Dungeon (15/15)            Temple (1/1) D:5            Lair (5/5) D:9
 Shoals (0/4) Lair:2        Snake (0/4) Lair:2        Slime (0/5) Lair:5
    Orc (2/2) D:9          Vaults (0/5) D:13        Ossuary (visited)
    Elf: Orc:2       Depths: D:15

Altars:
Ashenzari
Cheibriados
Dithmenos
Elyvilon
Fedhas
Gozag
Hepliaklqana
Kikubaaqudgha
Makhleb
Nemelex Xobeh
Okawaru
Qazlal
Ru
Sif Muna
Trog
Uskayaw
Vehumet
Wu Jian
Xom
Yredelemnul
Zin
Jiyva

Shops:
D:8 *   D:10 ?

Annotations:
D:8 2 transporters
D:10 3 runed translucent doors, superbruh's ghost, novice DsBe


Message History

Casting: Mephitic Cloud (safe; 1% risk of failure)
Confirm with . or Enter, or press ? or * to list all spells.
Aiming: Mephitic Cloud (safe; 1% risk of failure)
Press: ? - help, Shift-Dir - straight line, f - orc warrior
Aim: an orc warrior, wielding a +0 arbalest (chance to affect: 81%)
The ball explodes into a vile cloud!
The stinking cloud engulfs the orc warrior but does no damage.
The stinking cloud engulfs the orc but does no damage.
The orc warrior is engulfed in noxious fumes.
The orc warrior appears confused.
A centaur comes into view.
The orc high priest calls down the wrath of Beogh upon you.
Beogh smites you!
* * * LOW HITPOINT WARNING * * *
The orc barely misses you.
The orc warrior is engulfed in noxious fumes.
The orc warrior appears confused.
The orc warrior unwields a +0 arbalest.
The orc warrior wields a +0 halberd.
The orc warrior hits itself with a +0 halberd!
The orc warrior is engulfed in noxious fumes.
The orc warrior barely misses you.
Casting: Mephitic Cloud (safe; 1% risk of failure)
Confirm with . or Enter, or press ? or * to list all spells.
Aiming: Mephitic Cloud (safe; 1% risk of failure)
Press: ? - help, Shift-Dir - straight line, p - orc warrior
Okay, then.
Unknown command.
Casting: Mephitic Cloud (safe; 1% risk of failure)
Confirm with . or Enter, or press ? or * to list all spells.
You blink.
An orc comes into view. It is wielding a +0 arbalest.
The orc warrior shoots a bolt.
The bolt hits you.
* * * LOW HITPOINT WARNING * * *
The orc wizard is engulfed in noxious fumes.
The orc wizard appears confused.
The orc wizard completely misses itself.
The orc warrior is engulfed in noxious fumes. x3
The centaur wields a +0 shortbow.
The centaur shoots an arrow.
The arrow hits you!
You die...

...##..##..## .#. ......... .
............ ..
.#.....o...#...
.....#........#...
.................. .#
.................### ...
.......@.........[.##...
......................#..
..........o.............#
..........o...........#.###
...........o☼☼.....$.#)...$
....c.....o§§#o§...[...... ##
##.........o☼§○☼..)........
..##.##.......oo..§........o.#
......#.[[............o..[....


You could see 4 orc warriors, a centaur, an orc wizard (confused) and 4 orcs.

Vanquished Creatures
  Nessos (Lair:4)
  2 dire elephants (Lair:5)
  A rakshasa (D:13)
  3 vault guards (D:13)
  Erolcha (D:12)
  4 hydras
  5 ogre magi (Orc:1)
  A boulder beetle (Lair:5)
  A catoblepas (D:13)
  2 centaur warriors
  4 two-headed ogres
  7 death yaks
  Urug (Orc:1)
  A spectral dire elephant (Lair:5)
  Nergalle (D:12)
  Sonja (Lair:2)
  A skeletal warrior (D:14)
  A fire crab (shapeshifter) (D:13)
  A skyshark (Lair:4)
  A spectral anaconda (Lair:5)
  An obsidian statue (Lair:5)
  A glowing orange brain (D:14)
  A lindwurm (Lair:4)
  An orc knight (Orc:2)
  3 necromancers (Lair:5)
  An orc sorcerer (Orc:1)
  5 oklob plants (Lair:4)
  2 manticores
  4 cyclopes
  Maurice (Orc:2)
  33 elephants
  2 black mambas
  3 dire elephant zombies (Lair:5)
  17 cane toads
  3 unseen horrors (D:12)
  2 gargoyles
  2 komodo dragons
  An efreet (D:14)
  5 rime drakes
  A tengu conjurer (D:13)
  6 meliai
  6 trolls
  4 hornets
  A polar bear (Lair:5)
  A queen bee (Lair:4)
  6 blink frogs
  2 vampires
  8 slime creatures
  A wraith (D:11)
  4 wyverns
  45 yaks
  8 humans (D:13)
  7 basilisks
  Grum (D:8)
  2 chaos spawn (D:14)
  20 vampire mosquitoes
  A warg (Orc:2)
  Edmund (D:4)
  An acid dragon (D:14)
  4 nagas (Lair:2)
  17 water moccasins
  A floating eye (Orc:1)
  A sky beast (D:7)
  An ice beast (D:7)
  11 orc warriors
  An elephant zombie (Lair:5)
  A black bear (Lair:1)
  5 ogres
  11 centaurs
  5 wolves
  4 kobold brigands
  11 bullfrogs
  2 cane toad simulacra (Lair:5)
  6 water moccasin zombies (Ossuary)
  5 scorpions
  8 wights
  3 elephant simulacra (Lair:5)
  49 killer bees
  A howler monkey (D:8)
  4 electric eels (Lair:3)
  A hound (D:5)
  5 jellies
  11 orc priests
  Crazy Yiuf (D:4)
  Ijyb (D:3)
  A gnoll bouda (D:7)
  2 iguanas
  16 orc wizards
  2 mummies (Ossuary)
  Robin (D:3)
  8 gnolls
  10 adders
  2 white imps (D:8)
  An ufetubus (D:5)
  7 adder zombies (Ossuary)
  A worm (D:2)
  5 dart slugs
  43 orcs
  4 ball pythons
  9 bats
  3 endoplasms
  A giant cockroach (D:1)
  4 gnoll zombies (Ossuary)
  8 goblins
  14 hobgoblins
  7 quokkas
  5 frilled lizards
  28 kobolds
  2 kobold zombies (Ossuary)
  7 orc zombies (Ossuary)
  4 rats
  A bush (Lair:5)
620 creatures vanquished.

Vanquished Creatures (collateral kills)
  A water moccasin zombie (Ossuary)
  An orc (D:4)
  2 hobgoblin zombies (Ossuary)
4 creatures vanquished.

Vanquished Creatures (others)
  A vault guard (D:13)
  An orc (Orc:2)
  A hobgoblin (D:4)
  A bush (Lair:4)
  30 fungi
  32 plants
  36 withered plants (Lair:5)
102 creatures vanquished.

Grand Total: 726 creatures vanquished

Notes
Turn   | Place    | Note
-------+----------+-------------------------------------------
     0 | D:1      | pokeman the Deep Elf Hedge Wizard began the quest for the
                  | Orb.
     0 | D:1      | Reached XP level 1. HP: 10/10 MP: 7/7
   211 | D:1      | Reached XP level 2. HP: 16/16 MP: 6/9
   828 | D:1      | Reached skill level 5 in Spellcasting
  1257 | D:1      | Reached XP level 3. HP: 20/20 MP: 4/11
  1261 | D:1      | Learned a level 3 spell: Mephitic Cloud
  1264 | D:1      | Learned a level 2 spell: Call Imp
  1267 | D:1      | Learned a level 2 spell: Blink
  1597 | D:2      | Reached skill level 1 in Fighting
  1628 | D:2      | Identified the +3 mace of the Lesser Evil {freeze, Fragile
                  | rC+ Will+++ Dex+2}
  1698 | D:2      | Reached skill level 1 in Armour
  1967 | D:2      | Reached XP level 4. HP: 25/25 MP: 10/13
  2422 | D:3      | Found a faded altar of an unknown god.
  2629 | D:3      | Noticed a scorpion
  2649 | D:3      | Killed a scorpion
  2650 | D:3      | Reached skill level 6 in Spellcasting
  2650 | D:3      | Reached XP level 5. HP: 24/29 MP: 6/15
  2806 | D:3      | Noticed Ijyb
  2817 | D:3      | Killed Ijyb
  2822 | D:3      | Noticed Robin
  2831 | D:3      | Killed Robin
  2862 | D:3      | Learned a level 5 spell: Freezing Cloud
  3541 | D:3      | Reached skill level 1 in Ice Magic
  3719 | D:4      | Noticed Edmund
  3747 | D:4      | Found a hide-covered altar of Uskayaw.
  3752 | D:4      | Reached XP level 6. HP: 13/34 MP: 10/17
  3783 | D:4      | Killed Edmund
  3784 | D:4      | Reached skill level 7 in Spellcasting
  3784 | D:4      | Reached skill level 1 in Air Magic
  3784 | D:4      | Reached skill level 1 in Poison Magic
  4030 | D:4      | Found an ancient bone altar of Kikubaaqudgha.
  4291 | D:4      | Found a runed translucent door.
  4292 | D:4      | Noticed Crazy Yiuf
  4302 | D:4      | Killed Crazy Yiuf
  4406 | D:4      | Found a hazy altar of Hepliaklqana.
  4488 | D:4      | Reached skill level 1 in Evocations
  4488 | D:4      | Reached XP level 7. HP: 38/38 MP: 16/20
  4785 | D:5      | Entered Level 5 of the Dungeon
  4889 | D:5      | Found a staircase to the Ecumenical Temple.
  4901 | D:5      | Reached skill level 8 in Spellcasting
  4906 | Temple   | Entered the Ecumenical Temple
  5085 | Temple   | Became a worshipper of Vehumet
  6165 | D:6      | Reached XP level 8. HP: 35/44 MP: 19/22
  6378 | D:6      | Reached skill level 9 in Spellcasting
  6459 | D:6      | Learned a level 4 spell: Iskenderun's Mystic Blast
  6930 | D:7      | Reached skill level 5 in Conjurations
  6971 | D:7      | Reached skill level 10 in Spellcasting
  6973 | D:7      | Identified the staff of poison "Tagheu" {Fly rPois rN+
                  | Will++}
  7138 | D:7      | Found a blossoming altar of Fedhas.
  7180 | D:7      | Reached * piety under Vehumet
  7180 | D:7      | Offered knowledge of Freeze by Vehumet.
  7422 | D:7      | Found a glowing silver altar of Zin.
  7696 | D:8      | Found a sand-covered staircase.
  7708 | Ossuary  | Entered an ossuary
  7800 | Ossuary  | Reached XP level 9. HP: 48/48 MP: 25/25
  7991 | Ossuary  | Reached ** piety under Vehumet
  8008 | Ossuary  | Offered knowledge of Static Discharge by Vehumet.
  8009 | Ossuary  | Reached skill level 11 in Spellcasting
  8142 | D:8      | Noticed a centaur warrior
  8142 | D:8      | Noticed a white ugly thing
  8144 | D:8      | Found a transporter.
  8144 | D:8      | Noticed a boulder beetle
  8226 | D:8      | Noticed a freezing wraith
  8228 | D:8      | Noticed a catoblepas
  8230 | D:8      | Found a transporter.
  8232 | D:8      | Noticed a boulder beetle
  8233 | D:8      | Identified the ring of Kim Exon {Ice rN+ Dex+3}
  8257 | D:8      | Reached skill level 5 in Ice Magic
  8396 | D:8      | Reached skill level 12 in Spellcasting
  8450 | D:8      | Identified the +7 battleaxe "Ludgheina" {freeze, Str+2
                  | Dex+2 Stlth+}
  8612 | D:8      | Found Jopty's Assorted Antiques.
  8619 | D:8      | Bought a yellow potion for 26 gold pieces
  8619 | D:8      | Bought a scroll labelled XIORUREEGA for 29 gold pieces
  8619 | D:8      | Bought a scroll labelled RONUWU IWORUI for 29 gold pieces
  8715 | D:8      | Offered knowledge of Frozen Ramparts by Vehumet.
  8727 | D:8      | Noticed Grum
  8741 | D:8      | Killed Grum
  8945 | D:9      | Reached XP level 10. HP: 47/54 MP: 28/28
  8950 | D:9      | Reached skill level 13 in Spellcasting
  9007 | D:9      | Identified the +2 helmet of Insecurity {rElec rN+ rCorr
                  | SInv}
  9058 | D:9      | Noticed a two-headed ogre
  9074 | D:9      | Killed a two-headed ogre
  9355 | D:9      | Found a staircase to the Lair.
  9402 | D:9      | Reached *** piety under Vehumet
  9423 | D:9      | Found a staircase to the Orcish Mines.
  9731 | D:9      | Found an opulent altar of Gozag.
  9812 | D:9      | Found a sparkling altar of Nemelex Xobeh.
 10104 | D:10     | Entered Level 10 of the Dungeon
 10202 | D:10     | Reached skill level 14 in Spellcasting
 10300 | D:10     | Found a bloodstained altar of Trog.
 10305 | D:10     | Offered knowledge of Hailstorm by Vehumet.
 10448 | D:10     | Found Wiutacao's Magic Scroll Boutique.
 10518 | D:10     | Bought a scroll of identify for 26 gold pieces
 10626 | D:10     | Found a runed translucent gate.
 10626 | D:10     | Found a runed translucent gate.
 10642 | D:10     | Found a broken altar of Ashenzari.
 10659 | D:10     | Found a runed translucent gate.
 10662 | D:10     | Noticed superbruh's ghost (novice DsBe)
 10676 | D:10     | Noticed a centaur warrior
 10687 | D:10     | Killed a centaur warrior
 10688 | D:10     | Reached XP level 11. HP: 45/62 MP: 30/31
 10964 | D:10     | Found an ornate altar of the Wu Jian Council.
 10973 | D:10     | Found a white marble altar of Elyvilon.
 11196 | D:11     | Reached **** piety under Vehumet
 11325 | D:11     | Offered knowledge of Dazzling Flash by Vehumet.
 11410 | D:11     | Learned a level 7 spell: Orb of Destruction
 11456 | D:11     | Reached skill level 15 in Spellcasting
 12196 | D:12     | Reached skill level 5 in Fighting
 12411 | D:12     | Identified the staff of air "Mafel" {rElec rPois rF+}
 12411 | D:12     | Noticed Nergalle
 12420 | D:12     | Killed Nergalle
 12524 | D:12     | Noticed Erolcha
 12542 | D:12     | Reached skill level 16 in Spellcasting
 12558 | D:12     | Killed Erolcha
 12764 | D:12     | Noticed a two-headed ogre
 12768 | D:12     | Killed a two-headed ogre
 12769 | D:12     | Reached XP level 12. HP: 68/68 MP: 30/34
 13120 | D:13     | Reached skill level 5 in Armour
 13198 | D:13     | Noticed a catoblepas
 13207 | D:13     | Killed a catoblepas
 13239 | D:13     | Noticed a rakshasa
 13248 | D:13     | Killed a rakshasa
 13249 | D:13     | Reached skill level 10 in Conjurations
 13362 | D:13     | Reached skill level 17 in Spellcasting
 13569 | D:13     | Noticed a vault guard
 13569 | D:13     | Noticed a vault guard
 13585 | D:13     | Killed a vault guard
 13860 | D:13     | Reached ***** piety under Vehumet
 14423 | D:13     | Noticed a two-headed ogre
 14429 | D:13     | Killed a two-headed ogre
 14591 | D:13     | Offered knowledge of Irradiate by Vehumet.
 14592 | D:13     | Noticed a vault guard
 14597 | D:13     | Noticed a vault guard
 14599 | D:13     | Killed a vault guard
 14599 | D:13     | Killed a vault guard
 14600 | D:13     | Reached skill level 10 in Ice Magic
 14617 | D:13     | Killed a vault guard
 14618 | D:13     | Reached skill level 18 in Spellcasting
 14682 | D:13     | Found a gate to the Vaults.
 15057 | D:14     | Reached XP level 13. HP: 72/72 MP: 37/37
 15094 | D:14     | Found a shimmering altar of Xom.
 15094 | D:14     | Found the +7 mace of Variability {chaos, chaos arc}
 15575 | D:15     | Entered Level 15 of the Dungeon
 15762 | Lair:1   | Entered Level 1 of the Lair of Beasts
 17005 | Lair:2   | Noticed Sonja
 17100 | Lair:2   | Killed Sonja
 17101 | Lair:2   | Reached skill level 19 in Spellcasting
 17130 | Lair:2   | Found a staircase to the Shoals.
 17219 | Lair:2   | Found a staircase to the Snake Pit.
 17411 | Lair:2   | Reached skill level 1 in Shields
 19373 | Lair:4   | Reached skill level 20 in Spellcasting
 19419 | Lair:4   | Noticed Nessos
 19427 | Lair:4   | Killed Nessos
 19453 | Lair:4   | Reached XP level 14. HP: 80/80 MP: 40/40
 19477 | Lair:4   | Offered knowledge of Arcjolt by Vehumet.
 20692 | Lair:4   | Reached skill level 21 in Spellcasting
 20744 | Lair:4   | Identified the ring "Kaahecow" {rF- EV+5 Str+4}
 20778 | Lair:4   | Upgraded the game from 0.31-a0-1-g4198be8af4 to
                  | 0.31-a0-4-gefa6de2278
 20779 | Lair:5   | Entered Level 5 of the Lair of Beasts
 21083 | Lair:5   | Offered knowledge of Yara's Violent Unravelling by Vehumet.
 21135 | Lair:5   | Found a hazy altar of Hepliaklqana.
 21469 | Lair:5   | Found a staircase to the Slime Pits.
 21469 | Lair:5   | Found a viscous altar of Jiyva.
 22202 | Lair:5   | Reached skill level 5 in Shields
 22548 | Lair:5   | Reached XP level 15. HP: 30/84 MP: 10/42
 22750 | Lair:5   | Reached skill level 22 in Spellcasting
 23443 | Orc:1    | Entered Level 1 of the Orcish Mines
 23716 | Orc:1    | Acquired a +0 buckler of cold resistance
 23718 | Orc:1    | Acquired the Grimoire of Collective Glaciation
 23730 | Orc:1    | Learned a level 9 spell: Polar Vortex
 23738 | Orc:2    | Entered Level 2 of the Orcish Mines
 23775 | Orc:2    | Noticed Maurice
 23780 | Orc:2    | Killed Maurice
 23850 | Orc:2    | Reached ****** piety under Vehumet
 23972 | Orc:2    | Offered knowledge of Conjure Ball Lightning by Vehumet.
 24001 | Orc:1    | Noticed Urug
 24016 | Orc:1    | Killed Urug
 24084 | Orc:2    | HP: 3/84 [orc high priest/divine providence (8)]
 24085 | Orc:2    | HP: 1/84 [orc warrior/bolt (2)]
 24085 | Orc:2    | Shot with an arrow by a centaur

Illustrated notes

Levels and vault maps discovered:
D:1:      spicycebolla_arrival_transporter_tutorial, layout_basic
D:2:      layout_rooms
D:3:      layout_loops_ring, nicolae_ecumenical_oubliette, serial_bayou_pond_e,
          nicolae_goblin_pals
D:4:      layout_loops_ring, kiku_gazebo_pond_becter, lemuel_doored_altar,
          mainiacjoe_overflow_alcove_2, uniq_crazy_yiuf_cottage, uniq_edmund
D:5:      layout_cave_pods, minmay_temple_entry_arrows
D:6:      layout_loops_cross, nrook_loot_triangle
D:7:      layout_basic, kennysheep_mini, mainiacjoe_overflow_alcove_4,
          hangedman_decor_clover_reticule, st_stairs_2
D:8:      gammafunk_sealed_arena, layout_loops_cross, serial_shops,
          nicolae_shop_dealshenge, enter_ossuary_1, uniq_grum
D:9:      layout_big_octagon, grunt_temple_overflow_opulence, dpeg_oklobed_lair,
          orc_0_dummy
D:10:     layout_rooms, old_standard_altar, nicolae_ashenzari_panopticon,
          mainiacjoe_overflow_swirl, serial_shops, shop, gammafunk_ghost_split,
          minmay_tree_intersection
D:11:     layout_roguey
D:12:     layout_loops_ring, uniq_erolcha, uniq_nergalle
D:13:     layout_long_grid, ximxim_vaults_locker_room
D:14:     layout_irregular_city, kennysheep_flooded_box,
          minmay_guarded_unrand_variability
D:15:     gammafunk_depths_entry_grave, layout_cave_pools,
          gammafunk_ghost_berserking_beasts, dreamdust_wishing_well,
          fountainhead
Temple:   bh_familiar_temple
Lair:1:   layout_misc_corridors
Lair:2:   layout_layer_cave, shoals_dummy_entry,
          minmay_snake_entry_guardpost_small, uniq_sonja
Lair:3:   layout_chaotic_city, st_stairs_3, nicolae_quartered_pool_medium,
          disabler_island
Lair:4:   hangedman_what_comes_after_a, layout_misc_corridors,
          infiniplex_staircase_pool_2, uniq_nessos
Lair:5:   due_jungle_book, layout_loops_ring, slime_entry_1, basic_altar,
          infiniplex_staircase_pool
Orc:1:    hellmonk_paralyzer, layout_caves, ebering_ghost_gozag, uniq_urug
Orc:2:    st_orc_rangers, layout_caves, uniq_maurice, uniq_jorgrun

Skill      XL: |  1  2  3  4  5  6  7  8  9 10 11 12 13 14 15 |
---------------+----------------------------------------------+-----
Spellcasting   | 5 6 7 8 10 12 14 16 18 20 21 22 | 22.4
Fighting       | 1 2 4 5 6 |  6.0
Armour         | 1 3 4 6 |  6.0
Conjurations   | 2 3 4 5 7 8 9 11 12 13 | 13.7
Dodging        | 3 |  3.1
Stealth        | 3 |  3.2
Ice Magic      | 1 2 4 6 7 9 10 11 12 13 | 13.2
Air Magic      | 1 |  1.4
Poison Magic   | 1 |  1.0
Evocations     | 1 |  1.1
Shields        | 2 5 |  5.7
Summonings     | |  1.4
Translocations | |  1.1

Action                     |  1- 3 |  4- 6 |  7- 9 | 10-12 | 13-15 || total
---------------------------+-------+-------+-------+-------+-------++-------
  Melee: Dagger            |     8 |       |       |       |       ||     8
         Short sword       |       |    61 |       |       |       ||    61
         Punch             |       |     3 |       |       |       ||     3
         Quarterstaff      |       |       |   216 |       |       ||   216
         Battleaxe         |       |       |    15 |    66 |     3 ||    84
         Great mace        |       |       |       |       |   106 ||   106
   Cast: Magic Dart        |   108 |   110 |   117 |    44 |     2 ||   381
         Mephitic Cloud    |       |    11 |    26 |    15 |    17 ||    69
         Call Imp          |       |     3 |     1 |       |       ||     4
         Blink             |       |     1 |       |       |     4 ||     5
         Iskenderun's Myst |       |       |    10 |    47 |   104 ||   161
         Freezing Cloud    |       |       |       |    86 |   191 ||   277
         Orb of Destructio |       |       |       |       |    33 ||    33
  Evoke: Wand              |       |       |       |       |     1 ||     1
    Use: Scroll            |       |       |     1 |    16 |     9 ||    26
   Stab: Confused          |       |     8 |    12 |     4 |     2 ||    26
         Paralysed         |       |       |     1 |       |       ||     1
 Armour: Robe              |     2 |     9 |     1 |       |       ||    12
         Leather armour    |       |       |    51 |    26 |    81 ||   158
  Dodge: Dodged            |    13 |    41 |   233 |    85 |   190 ||   562
  Block: Other             |       |       |       |       |     6 ||     6

Table legend: (Time is in decaauts)
 A = Elapsed time spent in this place.
 B = Non-inter-level travel time spent in this place.
 C = Inter-level travel time spent in this place.
 D = Time resting spent in this place.
 E = Time spent auto-exploring this place.
 F = Levels seen in this place.
 G = Mean time per level.
                   A        B        C        D        E       F      G
               +--------+--------+--------+--------+--------+-----+--------+
         Total |  24314 |  22791 |   1523 |   1438 |  17458 |  24 | 1013.1 |
       Dungeon |  15574 |  14450 |   1124 |    433 |  11839 |  15 | 1038.3 |
        Temple |    288 |    262 |     26 |      0 |    174 |   1 |  288.0 |
          Lair |   7351 |   6986 |    365 |    882 |   4937 |   5 | 1470.2 |
  Orcish Mines |    649 |    642 |      7 |    123 |    263 |   2 |  324.5 |
       Ossuary |    449 |    449 |      0 |      0 |    245 |   1 |  449.0 |
               +--------+--------+--------+--------+--------+-----+--------+

Top non-repeatable levels by time:
  Lair:5: 2419 daAuts
    D:13: 1762 daAuts
  Lair:2: 1557 daAuts
  Lair:4: 1523 daAuts
     D:1: 1446 daAuts
     D:3: 1258 daAuts
     D:9: 1126 daAuts
    D:11: 1110 daAuts
     D:4: 1077 daAuts
     D:6: 1027 daAuts
     D:2: 1002 daAuts
     D:7: 999 daAuts
     D:8: 998 daAuts
    D:10: 979 daAuts
  Lair:1: 966 daAuts
